 Dungeon Crawl Stone Soup version 0.28.0-47-ge53b351184 (webtiles) character file.

Game seed: 9431978315559594296

54 Bruhh the Magician (level 4, 0/32 HPs)
             Began as a Djinni Transmuter on Apr 27, 2022.
             Slain by a dart slug (1 damage)
             ... on level 2 of the Dungeon.
             The game lasted 00:01:38 (1757 turns).

Bruhh the Magician (Djinni Transmuter)              Turns: 1757, Time: 00:01:39

Health: 0/32       AC:  2    Str:  9    XL:     4   Next: 12%
Gold:   85         EV: 12    Int: 16    God:
                   SH:  0    Dex: 14

rFire   + + .      SeeInvis .   d - +1 dagger (elec)
rCold   x . .      Faith    .   (no shield)
rNeg    . . .      Spirit   .   a - +0 robe
rPois   ∞          Reflect  .   (no helmet)
rElec   .          Harm     .   (no cloak)
rCorr   .          Rampage  .   (no gloves)
Will    .....                   (boots unavailable)
Stlth   +.........              (no amulet)
HPRegen 0.10/turn               (no ring)
MPRegen 0.00/turn               (no ring)

@: flying
A: sickness immunity, fire resistance 2, cold vulnerability 1, float, innate
caster, HP casting, extra vitality 1
a: no special abilities


You were on level 2 of the Dungeon.
You visited 1 branch of the dungeon, and saw 2 of its levels.

You collected 85 gold pieces.

Inventory:

Hand Weapons
 d - a +1 dagger of electrocution (weapon)
Armour
 a - a +0 robe (worn)
Scrolls
 b - a scroll of fear {unknown}
 e - a scroll of vulnerability {unknown}
 g - 3 scrolls of teleportation {unknown}
 h - a scroll of amnesia {unknown}
 i - a scroll of fog {unknown}
Potions
 c - a potion of lignification {unknown}
 f - a potion of brilliance {unknown}


   Skills:
 - Level 1.0 Fighting
 - Level 2.1 Dodging
 - Level 3.0 Unarmed Combat
 + Level 3.1 Spellcasting


You couldn't memorise any spells.
You knew the following spells:

 Your Spells              Type           Power      Damage    Failure   Level
a - Beastly Appendage     Tmut           24%        N/A       4%          1
b - Wereblood             Tmut           12%        N/A       8%          2
c - Spider Form           Tmut/Pois      12%        N/A       16%         3
d - Ice Form              Ice/Tmut       12%        N/A       45%         4
e - Freeze                Ice            48%        1d7       4%          1
Your spell library was empty.

Dungeon Overview and Level Annotations

Branches:
Dungeon (2/15)

Altars:


Innate Abilities, Weirdness & Mutations

You are immune to sickness and miasma.
You are immune to poison.
Your flesh is very heat resistant. (rF++)
You are vulnerable to cold. (rC-)
You float through the air rather than walking.
You learn spells naturally, not from books.
Your magical power is your life essence.
You have superior vitality. (+4 MHP)


Message History

The adder misses you. The goblin barely misses you.
You hit the dart slug but do no damage.
The dart slug is almost dead.
The adder barely misses you. The dart slug closely misses you.
The dart slug bites you but does no damage.
The goblin hits you with a +0 club.
You hit the dart slug.
You kill the dart slug!
The adder barely misses you. The goblin misses you.
Your Spellcasting skill increases to level 3!
The adder barely misses you. The goblin barely misses you.
The adder bites you but does no damage. The adder bites you.
Your horns disappear.
The adder bites you. The adder bites you.
The adder bites you but does no damage.
Things that are here:
a +0 dagger; a kobold corpse You hit the adder but do no damage.
The adder bites you.
You hit the adder. Lightning courses through the adder!!
You kill the adder!
The dart slug launches a dart at you. The slug dart hits you.
* * * LOW HITPOINT WARNING * * *
You have reached level 4!
You feel agile.
You hit the goblin but do no damage. The goblin hits you with a +0 club.
* * * LOW HITPOINT WARNING * * *
You hit the goblin.
You kill the goblin!
The dart slug launches a dart at you. The slug dart hits you.
* * * LOW HITPOINT WARNING * * *
The dart slug launches a dart at you. The slug dart hits you.
* * * LOW HITPOINT WARNING * * *
Items here: )) †††.
The dart slug bites you.
You die...

##### ##...## ########
##.....### ##......##
.........########........##
####
#.............).@w........#
#..$
#.......########..........#
#!.. ##.....##
#..........## #...
##.))..##
#...........###...
#.......#
#.................
#.......##
#.........#...##†#
.........#
#...........#.#.# .#
.<.....#...#
#.#...........#....#
......####.#
#.#..........#......


You could see a dart slug.

Vanquished Creatures
  2 adders (D:2)
  A dart slug (D:2)
  6 endoplasms
  2 giant cockroaches (D:1)
  6 goblins
  3 hobgoblins (D:1)
  2 kobolds
  A ball python (D:1)
  4 bats
  5 rats (D:1)
32 creatures vanquished.

Notes
Turn   | Place    | Note
-------+----------+-------------------------------------------
     0 | D:1      | Bruhh the Djinni Transmuter began the quest for the Orb.
     0 | D:1      | Reached XP level 1. HP: 17/17 MP: 0/0
   457 | D:1      | Reached XP level 2. HP: 20/22 MP: 0/0
   935 | D:1      | Reached XP level 3. HP: 25/27 MP: 0/0
   935 | D:1      | Learned a level 1 spell: Freeze
  1751 | D:2      | Reached XP level 4. HP: 10/32 MP: 0/0
  1755 | D:2      | HP: 1/32 [dart slug/slug dart (4)]
  1757 | D:2      | Slain by a dart slug

Illustrated notes

Levels and vault maps discovered:
D:1:      dpeg_arrival_tiny_f, layout_loops_cross
D:2:      layout_rooms

Skill      XL: |  1  2  3 |
---------------+----------+-----
Spellcasting   | 2 3 |  3.1
Fighting       | |  1.0
Dodging        | |  2.1
Unarmed Combat | |  3.0

Action                   |  1- 3 |  4- 6 || total
-------------------------+-------+-------++-------
Melee: Unarmed           |    49 |       ||    49
       Headbutt          |     9 |       ||     9
       Punch             |     3 |       ||     3
       Dagger            |    51 |     2 ||    53
 Cast: Beastly Appendage |    18 |       ||    18
 Stab: Sleeping          |     2 |       ||     2
Armor: Robe              |    29 |       ||    29
Dodge: Dodged            |    74 |       ||    74
